 Dungeon Crawl Stone Soup version 0.30-a0-930-gb9d0489357 (webtiles) character file.

Game seed: 12992145419441926701

5275 lunkers the Destroyer (level 11, -7/79 HPs)
             Began as a Meteoran Reaver on Mar 23, 2023.
             Was a Priest of Vehumet.
             Killed by vampiric draining
             ... invoked by a vampire
              (12 damage)
             ... on level 10 of the Dungeon.
             The game lasted 00:18:18 (4283 turns).

lunkers the Destroyer (Meteoran Reaver)             Turns: 4283, Time: 00:18:19

Health: -7/79      AC: 11    Str: 15    XL:     11   Next: 15%
Magic:  16/24      EV: 11    Int: 18    God:    Vehumet [***...]
Gold:   420        SH:  3    Dex: 13    Spells: 16/26 levels left

rFire   . . .      SeeInvis .    a - +5 dagger
rCold   . . .      Faith    .    r - +0 buckler
rNeg    . . .      Spirit   .    f - +1 leather armour {rPois}
rPois   +          Reflect  .    o - +2 helmet
rElec   .          Rampage  .    v - +0 cloak
rCorr   .                        n - +2 pair of gloves {Stlth+}
Will    +....                    (no boots)
Stlth   +                        E - amulet of regeneration
HPRegen 1.13/turn                k - +4 ring of slaying
MPRegen 0.19/turn                (no ring)

@: glowing
A: sense surroundings 2, otherworldly, glowing, explore regen
a: Renounce Religion


You were on level 10 of the Dungeon.
You worshipped Vehumet.
Vehumet was most pleased with you.
You visited 2 branches of the dungeon, and saw 11 of its levels.

You collected 541 gold pieces.
You spent 121 gold pieces at shops.

Inventory:

Hand Weapons
 a - a +5 dagger (weapon)
 b - a +0 falchion
 c - a +2 flail of draining
 d - a +2 dire flail of holy wrath
 z - a +0 scimitar of flaming
Missiles
 i - 6 curare-tipped darts
Armour
 f - a +1 leather armour of poison resistance (worn)
 n - a +2 pair of gloves of stealth (worn)
 o - a +2 helmet (worn)
 r - a +0 buckler (worn)
 v - a +0 cloak (worn)
 A - +0 steam dragon scales
 F - a +0 kite shield
Jewellery
 k - a +4 ring of slaying (left hand)
 s - an amulet of guardian spirit
 E - an amulet of regeneration (around neck)
Wands
 w - a wand of flame (21)
 C - a wand of paralysis (1)
 H - a wand of roots (19)
Scrolls
 t - 3 scrolls of poison
 u - 2 scrolls of teleportation
 x - a scroll of magic mapping
 y - a scroll of blinking
 G - a scroll of identify
Potions
 e - 3 potions of curing
 g - 2 potions of attraction
 h - 2 potions of mutation
 j - 2 potions of brilliance
 l - 2 potions of heal wounds
 m - 2 potions of cancellation
 p - a potion of haste
 q - 2 potions of resistance


   Skills:
 - Level 2.1 Fighting
 - Level 2.1(6.5) Short Blades
 - Level 10.7(10.8) Long Blades
 - Level 2.4 Dodging
 + Level 8.0 Spellcasting
 * Level 11.3 Conjurations
 * Level 7.8 Fire Magic


You had 16 spell levels left.
You knew the following spells:

 Your Spells              Type           Power      Damage    Failure   Level
b - Fireball              Conj/Fire      20%        3d10      2%          5
c - Foxfire               Conj/Fire      100%       2x1d9     1%          1
d - Static Discharge      Conj/Air       54%        2-5/arc   1%          2
o - Kiss of Death         Conj/Necr      100%       2d13      1%          1
p - Shock                 Conj/Air       100%       1d9       1%          1

Your spell library contained the following spells:

 Spells                   Type           Power      Damage    Failure   Level
 Kindle Blastsparks       Fire/Tloc/Air  32%        2d12      4%          3
 Magic Dart               Conj           100%       1d8       1%          1
 Momentum Strike          Conj/Tloc      54%        3d9       1%          2
 Dazzling Flash           Conj/Hex       54%        N/A       1%          3
 Hailstorm                Conj/Ice       27%        3d7       1%          3
 Inner Flame              Hex/Fire       21%        N/A       2%          3
 Mephitic Cloud           Conj/Pois/Air  20%        N/A       3%          3
 Iskenderun's Mystic Bla  Conj/Tloc      27%        2d7       4%          4
 Frozen Ramparts          Ice            14%        1d3       13%         3
 Starburst                Conj/Fire      20%        6d7       13%         6
 Beastly Appendage        Tmut           14%        N/A       17%         1
 Call Imp                 Summ           7%         N/A       26%         2
 Cause Fear               Hex            3%         N/A       86%         4
 Ice Form                 Ice/Tmut       7%         N/A       86%         4
 Summon Ice Beast         Ice/Summ       7%         N/A       86%         4
 Alistair's Intoxication  Tmut/Pois      4%         N/A       99%         5
 Silence                  Hex/Air        3%         N/A       99%         5
 Dragon Form              Tmut           3%         N/A       100%        7
 Discord                  Hex            3%         N/A       100%        8
 Dragon's Call            Summ           3%         N/A       100%        9


Dungeon Overview and Level Annotations

Branches:
Dungeon (10/15) Zot: 1876  Temple (0/1) D:7             Orc (1/2) D:9 Zot: 582
   Lair: D:8-11

Altars:
Fedhas
Qazlal
Ru
Vehumet

Shops:
D:8 *


Innate Abilities, Weirdness & Mutations

You passively map the area around you.
You are easily found by Zot.
You glow in the dark.
You regain HP and MP as you explore.


Message History

You are struck by an arc of lightning.
* * * LOW HITPOINT WARNING * * *
The lightning grounds out.
The vampire hits you!
* * * LOW HITPOINT WARNING * * *
The vampire closely misses you.
Unknown command.
Casting: Static Discharge (safe; 1% risk of failure)
Confirm with . or Enter, or press ? or * to list all spells.
The vampire is struck by an arc of lightning.
The vampire is moderately damaged.
You are struck by an arc of lightning.
* * * LOW HITPOINT WARNING * * *
The vampire is struck by an arc of lightning.
The vampire is heavily damaged.
You are struck by an arc of lightning.
* * * LOW HITPOINT WARNING * * *
The lightning grounds out.
The vampire draws life force from you.
* * * LOW HITPOINT WARNING * * *
The vampire is healed by the life force!
Unknown command.
Casting: Static Discharge (safe; 1% risk of failure)
Confirm with . or Enter, or press ? or * to list all spells.
The vampire is struck by an arc of lightning.
The vampire is severely damaged.
You are struck by an arc of lightning.
* * * LOW HITPOINT WARNING * * *
The vampire is struck by an arc of lightning.
The vampire is severely damaged.
The lightning grounds out.
The vampire draws life force from you!
* * * LOW HITPOINT WARNING * * *
The vampire is healed by the life force!
Unknown command.
Casting: Static Discharge (safe; 1% risk of failure)
Confirm with . or Enter, or press ? or * to list all spells.
The vampire is struck by an arc of lightning.
The vampire is severely damaged.
You are struck by an arc of lightning.
* * * LOW HITPOINT WARNING * * *
The lightning grounds out.
The vampire draws life force from you!
You die...

* ,, , *#....##
*, ,# ,, *#..#..#
..# , , *
###..#..####...#*
, ,
,#.......><.....#
*
...###..#####...#
* .,* , ##..# *
,.# , ... ##...#
* , , *
,,#.(.####....# *
* *,
#....V@..##.# * *
,
......?.###....*
* , , , .......##
......, ** , * ,
....... #.......
* , 8 * ,##.....
##...###,* *
......# * *#..##
* ,#..###, * *, *
* ### , ** * ,,,
^ ,


You could see a vampire.

Vanquished Creatures
  Maggie (D:8)
  A troll (D:9)
  A shadow (D:9)
  3 yaks (D:9)
  A wyvern (D:9)
  A steam dragon (D:10)
  2 wargs (D:9)
  Edmund (D:6)
  3 water moccasins
  4 orc warriors
  3 ice beasts
  4 ogres
  A black bear (D:5)
  2 centaurs (D:9)
  A phantom (D:6)
  4 kobold brigands
  2 bullfrogs
  A gnoll sergeant (D:8)
  4 scorpions
  9 killer bees
  3 howler monkeys
  3 hounds
  A jelly (D:5)
  2 gnoll boudas
  3 orc priests
  An iguana (D:5)
  5 orc wizards
  10 gnolls
  7 adders
  2 shadow imps
  A white imp (D:7)
  An ufetubus (D:5)
  A worm (D:3)
  3 dart slugs
  36 orcs
  3 endoplasms
  6 goblins
  A hobgoblin (D:2)
  8 jackals (D:2)
  3 quokkas
  6 ball pythons
  4 frilled lizards (D:2)
  23 kobolds
  4 rats
186 creatures vanquished.

Vanquished Creatures (collateral kills)
  10 foxfires (D:9)
10 creatures vanquished.

Vanquished Creatures (others)
  183 foxfires
183 creatures vanquished.

Grand Total: 379 creatures vanquished

Notes
Turn   | Place    | Note
-------+----------+-------------------------------------------
     0 | D:1      | lunkers the Meteoran Reaver began the quest for the Orb.
     0 | D:1      | Reached XP level 1. HP: 17/17 MP: 5/5
   115 | D:1      | Reached XP level 2. HP: 24/24 MP: 6/6
   446 | D:2      | Reached XP level 3. HP: 27/29 MP: 8/8
   455 | D:2      | Reached skill level 5 in Long Blades
   759 | D:2      | Reached XP level 4. HP: 26/36 MP: 9/9
  1439 | D:4      | Reached XP level 5. HP: 38/41 MP: 10/10
  1459 | D:4      | Found a stormy altar of Qazlal.
  1471 | D:4      | Found a blossoming altar of Fedhas.
  1500 | D:4      | Noticed an ogre
  1502 | D:4      | Noticed an ogre
  1517 | D:4      | Killed an ogre
  1518 | D:4      | Reached XP level 6. HP: 33/48 MP: 11/11
  1519 | D:4      | Noticed an ogre
  1525 | D:4      | Killed an ogre
  1528 | D:4      | Killed an ogre
  1529 | D:4      | Reached XP level 7. HP: 18/48 MP: 8/12
  1601 | D:5      | Entered Level 5 of the Dungeon
  1673 | D:5      | Noticed a water moccasin
  1686 | D:5      | Killed a water moccasin
  1687 | D:5      | Reached skill level 10 in Long Blades
  1687 | D:5      | Reached XP level 8. HP: 49/61 MP: 13/13
  1808 | D:5      | Reached skill level 1 in Short Blades
  1953 | D:5      | Found a radiant altar of Vehumet.
  1964 | D:5      | Became a worshipper of Vehumet
  1982 | D:5      | Reached skill level 4 in Conjurations
  2117 | D:6      | Reached skill level 5 in Conjurations
  2125 | D:6      | Noticed Edmund
  2132 | D:6      | Killed Edmund
  2133 | D:6      | Gained mutation: You passively map the area around you.
                  | [Meteoran growth]
  2133 | D:6      | Reached XP level 9. HP: 63/67 MP: 12/16
  2544 | D:7      | Reached skill level 6 in Conjurations
  2608 | D:7      | Reached * piety under Vehumet
  2608 | D:7      | Offered knowledge of Shock by Vehumet.
  2614 | D:7      | Learned a level 1 spell: Shock
  2705 | D:7      | Reached skill level 5 in Spellcasting
  2705 | D:7      | Reached skill level 7 in Conjurations
  2708 | D:7      | Found a staircase to the Ecumenical Temple.
  2890 | D:7      | Reached skill level 8 in Conjurations
  2896 | D:7      | Learned a level 5 spell: Fireball
  2916 | D:7      | Reached skill level 1 in Fire Magic
  2995 | D:8      | Noticed Maggie
  3026 | D:8      | Killed Maggie
  3051 | D:8      | Learned a level 1 spell: Foxfire
  3078 | D:8      | Got the Opusculum on Mercurial Astrapomancy
  3188 | D:8      | Reached XP level 10. HP: 73/73 MP: 20/20
  3256 | D:7      | Reached skill level 9 in Conjurations
  3338 | D:8      | Reached ** piety under Vehumet
  3399 | D:8      | Offered knowledge of Poisonous Vapours by Vehumet.
  3410 | D:8      | Found Qauceung's Assorted Antiques.
  3422 | D:8      | Bought a buckler for 121 gold pieces
  3499 | D:9      | Reached skill level 5 in Fire Magic
  3563 | D:9      | Found a sacrificial altar of Ru.
  3609 | D:9      | Reached skill level 10 in Conjurations
  3748 | D:9      | Offered knowledge of Static Discharge by Vehumet.
  3752 | D:9      | Learned a level 2 spell: Static Discharge
  3770 | D:9      | Reached *** piety under Vehumet
  3782 | D:9      | Offered knowledge of Kindle Blastsparks by Vehumet.
  3817 | D:9      | Found a staircase to the Orcish Mines.
  3943 | D:9      | Reached XP level 11. HP: 79/79 MP: 21/23
  3974 | D:9      | Reached skill level 11 in Conjurations
  4161 | Orc:1    | Entered Level 1 of the Orcish Mines
  4161 | Orc:1    | Noticed an orc sorcerer
  4257 | D:10     | Entered Level 10 of the Dungeon
  4283 | D:10     | Killed from afar by a vampire

Illustrated notes

Levels and vault maps discovered:
D:1:      lemuel_arrival_river_ford, layout_loops_cross
D:2:      layout_loops_corners, minmay_split_cup_large
D:3:      layout_loops_ring
D:4:      layout_basic, grunt_temple_overflow_forces_of_nature, minivault_26,
          kennysheep_generic_room_4
D:5:      minmay_spotlight, layout_basic, lemuel_crystal_altar,
          minmay_curled_crystal, uniq_crazy_yiuf_cottage
D:6:      layout_loops_ring, uniq_edmund
D:7:      layout_cave_pools, minmay_temple_entry_trees, minivault_10
D:8:      layout_rooms, serial_shops,
          nicolae_shop_temple_entry_statues_fountains, st_stairs_10, uniq_maggie
D:9:      minmay_evil_eye, layout_cave_pools, mainiacjoe_overflow_cross_hatched,
          hiddenorc1_lemuel, nicolae_figureground_pulse
D:10:     layout_layer_cave, grunt_gozag_statues
Orc:1:    layout_caves, uniq_sonja

Skill      XL: |  1  2  3  4  5  6  7  8  9 10 11 |
---------------+----------------------------------+-----
Long Blades    | 4 5 6 7 8 10 | 10.7
Short Blades   | 2 |  2.1
Spellcasting   | 4 6 7 8 |  8.0
Conjurations   | 5 8 10 11 | 11.3
Fire Magic     | 3 7 |  7.8
Fighting       | |  2.1
Dodging        | |  2.4

Action                     |  1- 3 |  4- 6 |  7- 9 | 10-12 || total
---------------------------+-------+-------+-------+-------++-------
  Melee: Falchion          |    87 |   101 |    71 |     8 ||   267
         Punch             |       |     1 |    10 |     1 ||    12
         Dagger            |       |       |   273 |   164 ||   437
   Cast: Kiss of Death     |       |     3 |       |     2 ||     5
         Foxfire           |       |       |       |   115 ||   115
         Shock             |       |       |       |     6 ||     6
         Static Discharge  |       |       |       |    18 ||    18
  Evoke: Wand              |       |       |       |     2 ||     2
    Use: Scroll            |       |     4 |     7 |     7 ||    18
         Potion            |       |       |     1 |       ||     1
   Stab: Sleeping          |       |     1 |       |       ||     1
 Armour: Leather armour    |    23 |    28 |   132 |    90 ||   273
  Dodge: Dodged            |    39 |    47 |   138 |   113 ||   337
  Block: Buckler           |       |       |       |    18 ||    18

Table legend: (Time is in decaauts)
 A = Elapsed time spent in this place.
 B = Non-inter-level travel time spent in this place.
 C = Inter-level travel time spent in this place.
 D = Time resting spent in this place.
 E = Time spent auto-exploring this place.
 F = Levels seen in this place.
 G = Mean time per level.
                   A        B        C        D        E       F      G
               +--------+--------+--------+--------+--------+-----+--------+
         Total |   4140 |   3792 |    348 |      0 |   2232 |  11 |  376.4 |
       Dungeon |   4122 |   3775 |    347 |      0 |   2232 |  10 |  412.2 |
  Orcish Mines |     17 |     17 |      0 |      0 |      0 |   1 |   17.0 |
               +--------+--------+--------+--------+--------+-----+--------+

Top non-repeatable levels by time:
     D:9: 723 daAuts
     D:2: 651 daAuts
     D:6: 519 daAuts
     D:8: 467 daAuts
     D:1: 420 daAuts
     D:7: 402 daAuts
     D:5: 378 daAuts
     D:3: 361 daAuts
     D:4: 172 daAuts
    D:10: 25 daAuts
   Orc:1: 17 daAuts
